 Dungeon Crawl Stone Soup version 0.16.1-28-gcc2312f (webtiles) character file.

88 Itholyth the Chiller (level 4, 18/18 HPs)
             Began as a Felid Ice Elementalist on June 3, 2015.
             Was an Initiate of Ru.
             Got out of the dungeon alive.
             The game lasted 00:33:09 (3775 turns).

Itholyth the Chiller (Felid Ice Elementalist)       Turns: 3775, Time: 00:33:09

Health: 18/18      AC:  1    Str:  4      XL:     4   Next: 30%
Magic:  11/11      EV: 22    Int: 17      God:    Ru [......]
Gold:   151        SH:  0    Dex: 15 (16) Spells: 3 memorised, 2 levels left
                                        Lives:  1   Deaths: 0

rFire  . . .     SeeInvis +     (weapon unavailable)
rCold  . . .     Clarity  .     (armour unavailable)
rNeg   . . .     SustAb   .     (shield unavailable)
rPois  .         Gourm    .     (helmet unavailable)
rElec  .         Spirit   .     (cloak unavailable)
rCorr  .         Warding  .     (gloves unavailable)
rMut   .         Stasis   .     (boots unavailable)
MR     .....                    (no amulet)
Stlth  +++.......               (no ring)
                                o - +5 ring of evasion

@: quick, not resistant to hostile enchantments, fairly stealthy
A: paw claws, no armour, no weapons or thrown items, fangs 3, see invisible,
carnivore 3, speed 1, shaggy fur 1, slow metabolism 1, sharp paws
a: Renounce Religion


You escaped.
You worshipped Ru.
Ru was noncommittal.
You were completely stuffed.

You visited 1 branch of the dungeon, and saw 4 of its levels.

You collected 151 gold pieces.

Inventory:

Hand weapons
 a - a cursed -3 dagger
 h - a +0 hunting sling
Missiles
 d - a throwing net
 e - 6 tomahawks
Jewellery
 o - a +5 ring of evasion (left paw)
Magical devices
 l - a wand of confusion (20)
 m - a wand of confusion (16)
Scrolls
 f - 2 scrolls of identify
 g - a scroll of teleportation
 i - a scroll of enchant armour {unknown}
 k - a scroll of enchant weapon {unknown}
 p - a scroll of amnesia {unknown}
Books
 b - a book of Frost

   Spells                             Type                      Level
   a - Freeze                         Ice                          1
   b - Throw Frost                    Conjuration/Ice              2
   c - Ozocubu's Armour               Charms/Ice                   3
   d - Throw Icicle                   Conjuration/Ice              4
   e - Summon Ice Beast               Ice/Summoning                4
   f - Condensation Shield            Ice                          4
Comestibles
 c - 3 meat rations
 j - a slice of pizza


   Skills:
 - Level 2.6 Dodging
 - Level 2.6 Stealth
 + Level 2.6 Spellcasting
 - Level 1.1 Conjurations
 - Level 1.0 Charms
 * Level 4.0 Ice Magic
 + Level 0.8 Evocations


You had 2 spell levels left.
You knew the following spells:

 Your Spells              Type           Power        Failure   Level  Hunger
a - Freeze                Ice            ###.         3%          1    #......
b - Throw Frost           Conj/Ice       ##....       12%         2    ##.....
c - Ozocubu's Armour      Chrm/Ice       ##......     21%         3    ###....


Dungeon Overview and Level Annotations

Branches:
Dungeon (4/15)
 Temple: D:4-7

Altars:
Dithmenos
Ru

Annotations:
D:3 simok's ghost, average HEWz
D:4 Prince Ribbit


Innate Abilities, Weirdness & Mutations

You cannot wear armour.
You are incapable of wielding weapons or throwing items.
You have razor-sharp teeth.
You have supernaturally acute eyesight.
You are carnivorous and can eat meat at any time.
You cover ground quickly.
You are covered in fur (AC +1).
You have a slow metabolism.
Your paws have sharp claws that are effective at stabbing.


Message History

There is a stone staircase leading down here.
A giant newt comes into view.
You closely miss the giant newt. The giant newt misses you.
You miss the giant newt. The giant newt completely misses you.
Casting: Throw Frost
Confirm with . or Enter, or press ? or * to list all spells.
Aiming: Freeze
Press: ? - help, Shift-Dir - straight line, f - giant newt
Aim: a giant newt You freeze the giant newt.
You kill the giant newt!
You open the door.
There is an open door here.
Magic restored.
There is an open door here.
You see here a glowing ring mail.
There is an open door here.
There is a staircase leading out of the dungeon here.
Are you sure you want to leave the Dungeon?
This will make you lose the game!
You have escaped!

≈≈#.....'.........≈≈≈≈≈≈≈≈≈≈≈≈≈..
≈≈#.....#.≈≈≈....≈≈≈≈≈≈≈≈≈≈≈≈≈≈.#
≈≈##...##≈≈≈≈≈...≈≈≈≈≈≈≈≈≈≈≈≈≈≈.#
≈≈≈#####≈≈≈≈≈≈....≈≈≈≈≈≈≈≈≈≈≈≈≈.#
≈≈≈≈≈≈≈≈≈≈≈≈≈≈≈....≈≈≈≈≈≈≈≈≈≈≈..#
≈≈≈≈≈≈≈≈≈≈≈≈≈≈##'##≈≈≈≈≈≈≈≈≈≈..##
≈≈≈≈≈≈≈≈≈≈≈≈≈##...##≈≈≈≈≈≈≈≈≈.##
≈≈≈≈≈≈≈≈≈≈≈≈≈#.....#≈≈≈≈≈≈≈≈≈..#
≈≈≈≈≈≈≈≈≈≈≈≈≈#..@..# ≈≈≈≈≈≈≈≈≈.##
.≈≈≈≈≈≈≈≈≈≈≈≈#.....#≈≈≈≈≈≈≈≈≈≈..#
..≈≈≈≈≈≈≈≈≈≈≈##...##≈≈≈≈≈≈≈≈≈≈≈.#
#..≈≈≈≈≈≈≈≈≈≈≈#####≈≈≈≈≈≈≈≈≈≈≈..#
##..≈≈≈≈≈≈≈≈≈≈≈≈≈≈≈≈≈≈≈≈≈≈≈≈≈..##
# #...≈≈≈≈≈≈≈≈≈≈≈≈≈≈≈≈≈≈≈≈≈≈..##
# ##....≈≈≈≈≈≈≈≈≈≈≈≈≈≈≈≈≈≈..## #
###.....≈≈.≈≈....≈≈≈...## #
#....##.......##.....###


There were no monsters in sight!

Vanquished Creatures
  3 adders (D:2)
  A worm (D:3)
  3 giant geckos
  2 oozes
  2 orcs (D:3)
  3 giant cockroaches
  4 goblins
  6 hobgoblins
  7 kobolds
  3 quokkas
  4 bats
  4 giant newts
  A jackal zombie (D:3)
  4 rats
47 creatures vanquished.

Notes
Turn   | Place    | Note
--------------------------------------------------------------
     0 | D:1      | Itholyth, the Felid Ice Elementalist, began the quest for the Orb.
     0 | D:1      | Reached XP level 1. HP: 7/7 MP: 4/4
   465 | D:1      | Reached skill level 3 in Ice Magic
   754 | D:1      | Reached XP level 2. HP: 11/11 MP: 5/5
   758 | D:1      | Learned a level 2 spell: Throw Frost
  1744 | D:2      | Reached skill level 1 in Conjurations
  2217 | D:2      | Found a sacrificial altar of Ru.
  2226 | D:2      | Became a worshipper of Ru the Awakened
  2277 | D:2      | Reached XP level 3. HP: 14/14 MP: 4/8
  2317 | D:2      | Learned a level 3 spell: Ozocubu's Armour
  2323 | D:2      | Found a shadowy altar of Dithmenos.
  2802 | D:2      | Reached skill level 1 in Charms
  3013 | D:3      | Reached XP level 4. HP: 18/18 MP: 8/11
  3334 | D:3      | Reached skill level 4 in Ice Magic
  3465 | D:3      | Noticed simok's ghost (average HEWz)
  3622 | D:4      | Noticed Prince Ribbit
  3775 | D:$      | Got out of the dungeon alive.

Action                   |  1- 3 |  4- 6 || total
-------------------------+-------+-------++-------
Melee: Unarmed           |    13 |     8 ||    21
 Cast: Freeze            |    57 |     9 ||    66
       Throw Frost       |    20 |     9 ||    29
  Use: Potion            |     4 |       ||     4
       Scroll            |     1 |       ||     1
 Stab: Sleeping          |     2 |       ||     2
  Eat: Chunk             |    13 |     2 ||    15
